 Dungeon Crawl Stone Soup version 0.28.0 (webtiles) character file.

Game seed: 13754137620005001092

4848 mcwallace the Blocker (level 10, -18/82 HPs)
             Began as a Gnoll Fighter on Feb 18, 2022.
             Was a Believer of Okawaru.
             Demolished by a two-headed ogre (21 damage)
             ... on level 9 of the Dungeon.
             The game lasted 00:15:51 (8434 turns).

mcwallace the Blocker (Gnoll Fighter)               Turns: 8434, Time: 00:15:52

Health: -18/82     AC: 21    Str: 15    XL:     10   Next: 49%
Magic:  18/18      EV:  7    Int: 13    God:    Okawaru [**....]
Gold:   462        SH:  0    Dex:  8    Spells: 19/19 levels left

rFire   . . .      SeeInvis .   s - +7 arbalest "Lifebane" {penet, rC+ Dex-3 Stlth+, crossbow}
rCold   + . .      Faith    .   (shield currently unavailable)
rNeg    . . .      Spirit   .   i - +2 plate armour {rPois}
rPois   +          Reflect  .   P - +0 helmet
rElec   .          Harm     .   e - +0 cloak
rCorr   .          Rampage  .   (no gloves)
Will    .....                   (no boots)
Stlth   +.........              w - amulet of magic regeneration {@e2}
HPRegen 0.23/turn               k - ring of wizardry
MPRegen 0.56/turn               M - ring of poison resistance

@: heroic
A: fangs 1, strong nose, distributed training
a: Renounce Religion, Heroism


You were on level 9 of the Dungeon.
You worshipped Okawaru.
Okawaru was pleased with you.
You visited 2 branches of the dungeon, and saw 10 of its levels.

You collected 462 gold pieces.


Innate Abilities, Weirdness & Mutations

You have very sharp teeth.
Your uncanny sense of smell can sniff out nearby items.
Your experience applies equally to all skills.


   Skills:
 + Level 8.5(13.5) Fighting
 + Level 5.3(10.3) Short Blades
 + Level 5.3(10.3) Long Blades
 + Level 7.1(12.1) Axes
 + Level 5.3(10.3) Maces & Flails
 + Level 5.3(10.3) Polearms
 + Level 5.3(10.3) Staves
 + Level 5.3(10.3) Slings
 + Level 5.3(10.3) Bows
 + Level 5.3(10.3) Crossbows
 + Level 5.3(10.3) Throwing
 + Level 8.5(13.5) Armour
 + Level 5.3(10.3) Dodging
 + Level 5.3(10.3) Stealth
 + Level 8.5(13.5) Shields
 + Level 5.3(10.3) Unarmed Combat
 + Level 5.3 Spellcasting
 + Level 4.4 Conjurations
 + Level 4.4 Hexes
 + Level 4.4 Summonings
 + Level 4.4 Necromancy
 + Level 4.4 Translocations
 + Level 4.4 Transmutations
 + Level 4.4 Fire Magic
 + Level 4.4 Ice Magic
 + Level 4.4 Air Magic
 + Level 4.4 Earth Magic
 + Level 4.4 Poison Magic
 + Level 5.8 Invocations
 + Level 5.3 Evocations


You had 19 spell levels left.
You didn't know any spells.
Your spell library contained the following spells:

 Spells                   Type           Power      Damage    Failure   Level
 Magic Dart               Conj           56%        1d5       28%         1
 Searing Ray              Conj           28%        2d5       41%         2
 Confusing Touch          Hex            14%        N/A       63%         3
 Fulminant Prism          Conj/Hex       7%         3d7       95%         4
 Yara's Violent Unravell  Hex/Tmut       7%         3d5       100%        5
 Enfeeble                 Hex            7%         N/A       100%        7

Inventory:

Hand Weapons
 a - a +0 war axe {axe}
 r - a +0 war axe of flaming {axe}
   (You took it off an orc on level 3 of the Dungeon)
 s - the +7 arbalest "Lifebane" (weapon) {penet, rC+ Dex-3 Stlth+, crossbow}
   (You found it on level 3 of the Dungeon)

   Any ammunition fired by it passes through the targets it hits, potentially
   hitting all targets in its path until it reaches maximum range.
   Dex:       It affects your dexterity (-3).
   rC:        It protects you from cold.
   Stlth:     It makes you more stealthy.
 L - the +8 falchion "Qulifap" {holy, rC- Str+7, long}
   (You found it on level 7 of the Dungeon)

   It has been blessed by the Shining One to cause great damage to the undead
   and demons.
   Str:       It affects your strength (+7).
   rC:        It makes you vulnerable to cold.
Missiles
 m - 261 stones {throwing}
 q - 24 bolts (quivered ammo)
 B - 2 boomerangs of dispersal {=f!fthrowing}
 E - 121 sling bullets
 F - 83 arrows
 Q - a boomerang {throwing}
 R - 6 poisoned darts {throwing}
Armour
 c - a +0 buckler
 e - a +0 cloak (worn)
   (You found it on level 1 of the Dungeon)
 h - a +0 hat
   (You found it on level 1 of the Dungeon)
 i - a +2 plate armour of poison resistance (worn)
   (You found it on level 1 of the Dungeon)
 P - a +0 helmet (worn)
   (You found it on level 7 of the Dungeon)
Jewellery
 k - a ring of wizardry (left hand)
   (You found it on level 1 of the Dungeon)
 p - an amulet of faith {!P}
   (You found it on level 2 of the Dungeon)
 w - an amulet of magic regeneration (around neck) {@e2}
   (You found it on level 4 of the Dungeon)
 M - a ring of poison resistance (right hand)
   (You found it on level 7 of the Dungeon)
Wands
 D - a wand of iceblast (14)
   (You found it on level 5 of the Dungeon)
 I - a wand of mindburst (15)
   (You found it on level 6 of the Dungeon)
 N - a wand of acid (5)
   (You took it off an orc wizard on level 7 of the Dungeon)
Scrolls
 b - a scroll of holy word {unknown}
 g - 3 scrolls of noise {unknown}
 j - 3 scrolls of identify {unknown}
 n - a scroll of brand weapon {unknown}
 t - 3 scrolls of teleportation {unknown}
 u - 2 scrolls of magic mapping {unknown}
 v - 2 scrolls of silence {unknown}
 y - a scroll of enchant armour {unknown}
 C - 2 scrolls of immolation {unknown}
 G - a scroll of enchant weapon {unknown}
 O - a scroll of fear {unknown}
 T - a scroll of vulnerability {unknown}
Potions
 d - 2 potions of might
 f - 4 potions of attraction {unknown}
 l - a potion of mutation {unknown}
 o - a potion of lignification {unknown}
 x - 3 potions of haste {unknown}
 z - 4 potions of degeneration {unknown}
 A - 5 potions of curing {unknown}
 H - a potion of resistance {unknown}
 J - a potion of heal wounds {unknown}
 K - 3 potions of cancellation {unknown}
 S - 2 potions of brilliance {unknown}

Dungeon Overview and Level Annotations

Branches:
Dungeon (9/15)             Temple (1/1) D:7
   Lair: D:8-11         Orc: D:9-12

Altars:
Ashenzari
Cheibriados
Dithmenos
Elyvilon
Fedhas
Gozag
Hepliaklqana
Kikubaaqudgha
Makhleb
Nemelex Xobeh
Okawaru
Qazlal
Ru
Sif Muna
Trog
Uskayaw
Vehumet
Wu Jian
Xom
Zin
The Shining One

Shops:
D:6 [ D:8

*
....##.##.#..#.......
.. #...........
....... #.# #..#
#....# ....... #.#
#..# # #.##O.O....
##.## #..#
#.##.#........ ##...##
#..# #......###..##
#.....###..# ####)#$#
....[......#######(#.#
#.....###.......@O(#..
##<..##
##.#######†##.#
##)#......# #.# .#
#.#.###### #.# .#
#.#.# #.# .# #(#.# #..
#.#.# ### #.#.# #.#.#


You could see a two-headed ogre.


Message History

Press: ? - help, Q - select action, (/) - cycle Shift-Dir - straight line, f/p - yak
Aim: a yak (almost dead, 77% to hit)
You shoot a bolt. The bolt pierces through the yak!
You kill the yak!
Okawaru accepts your kill.
The bolt pierces through the green ugly thing!
You kill the green ugly thing!
Okawaru accepts your kill. The yak barely misses you.
Fire: 25 bolts
Press: ? - help, Q - select action, (/) - cycle Shift-Dir - straight line, f - yak
Aim: a yak (lightly wounded, 77% to hit)
You shoot a bolt. The bolt pierces through the yak!!
The yak gores you. 😮 HP[-3]
You take 3 damage, and now have 49/82 hp.
Fire: 24 bolts
Press: ? - help, Q - select action, (/) - cycle Shift-Dir - straight line, f/p - yak
Aim: a yak (severely wounded, 77% to hit)
You shoot a bolt. The bolt barely misses the yak.
The yak closely misses you.
The yak gores you but does no damage. 😮 HP[+1] Fire: 23 bolts
Press: ? - help, Q - select action, (/) - cycle Shift-Dir - straight line, f/p - yak
Aim: a yak (severely wounded, 77% to hit)
You shoot a bolt. The bolt pierces through the yak!
You kill the yak!
Okawaru accepts your kill.
Things that are here:
a yak corpse; a yak corpse; 😮 MP[+1]
Your mp is fully restored (18). 😮 HP[+1]
You hear the faint creaking of a very distant portcullis.
You see here a +0 dagger {short}. 😮 HP[+1]
q - 27 bolts (gained 5)
A two-headed ogre comes into view. It is wielding two +0 giant clubs.
The two-headed ogre shouts in stereo!
You see here a bolt.
q - 28 bolts (gained 1) 😮 HP[+1]
You see here a +0 dagger {short}.
There is a stone staircase leading up here. 😮 HP[+1]
You climb upwards.
There is a stone staircase leading down here.
You start resting. 😎 HP[+28]
Your hp is fully restored (82).
You climb downwards.
You hear the roar of battle.
There is an entrance to a bailey on this level.
Hurry and find it before the portal closes forever!
You hear the creaking of a very distant portcullis.
There is a stone staircase leading up here.
Fire: 28 bolts
Press: ? - help, Q - select action, (/) - cycle Shift-Dir - straight line, f - two-headed ogre
Aim: a two-headed ogre, wielding two +0 giant clubs (80% to hit)
You shoot a bolt.
The bolt pierces through the two-headed ogre!
The two-headed ogre hits you with a +0 giant club!!
The two-headed ogre hits you but does no damage. 😕 HP[-18]
You take 18 damage, and now have 64/82 hp.
MASSIVE DAMAGE!! (PAUSE)
You gain the combat prowess of a mighty hero. 😕 HP[+1] MP[-2]
You lost 2 mp, and now have 16/18 mp.
Fire: 27 bolts
Press: ? - help, Q - select action, (/) - cycle Shift-Dir - straight line, f/p - two-headed ogre
Aim: a two-headed ogre, wielding two +0 giant clubs (moderately wounded, 82% to hit)
You shoot a bolt.
The bolt pierces through the two-headed ogre!
The two-headed ogre barely misses you.
The two-headed ogre hits you with a +0 giant club! 😮 HP[-8] MP[+1]
You take 8 damage, and now have 57/82 hp.
Fire: 26 bolts
Press: ? - help, Q - select action, (/) - cycle Shift-Dir - straight line, f/p - two-headed ogre
Aim: a two-headed ogre, wielding two +0 giant clubs (moderately wounded, 82% to hit)
You shoot a bolt.
The bolt pierces through the two-headed ogre!!
The two-headed ogre hits you with a +0 giant club!
The two-headed ogre hits you but does no damage.
The two-headed ogre hits you with a +0 giant club!
* * * LOW HITPOINT WARNING * * *
The two-headed ogre hits you with a +0 giant club!
* * * LOW HITPOINT WARNING * * *
😱 HP[-38] MP[+1]
You take 38 damage, and now have 19/82 hp.
MASSIVE DAMAGE!! (PAUSE)
Your mp is fully restored (18).
Fire: 25 bolts
Press: ? - help, Q - select action, (/) - cycle Shift-Dir - straight line, f/p - two-headed ogre
Aim: a two-headed ogre, wielding two +0 giant clubs (severely wounded, 82% to hit)
You shoot a bolt.
The bolt pierces through the two-headed ogre.
The two-headed ogre hits you with a +0 giant club!
* * * LOW HITPOINT WARNING * * *
The two-headed ogre hits you with a +0 giant club!!
You die...

Skill      XL: |  1  2  3  4  5  6  7  8  9 10 |
---------------+-------------------------------+-----
Invocations    | 1 2 3 4 5 |  5.8
Short Blades   | 1 2 3 4 5 |  5.3
Long Blades    | 1 2 3 4 5 |  5.3
Maces & Flails | 1 2 3 4 5 |  5.3
Polearms       | 1 2 3 4 5 |  5.3
Staves         | 1 2 3 4 5 |  5.3
Slings         | 1 2 3 4 5 |  5.3
Bows           | 1 2 3 4 5 |  5.3
Crossbows      | 1 2 3 4 5 |  5.3
Throwing       | 1 2 3 4 5 |  5.3
Dodging        | 1 2 3 4 5 |  5.3
Stealth        | 1 2 3 4 5 |  5.3
Unarmed Combat | 1 2 3 4 5 |  5.3
Spellcasting   | 1 2 3 4 5 |  5.3
Evocations     | 1 2 3 4 5 |  5.3
Conjurations   | 1 2 3 4 |  4.4
Hexes          | 1 2 3 4 |  4.4
Summonings     | 1 2 3 4 |  4.4
Necromancy     | 1 2 3 4 |  4.4
Translocations | 1 2 3 4 |  4.4
Transmutations | 1 2 3 4 |  4.4
Fire Magic     | 1 2 3 4 |  4.4
Ice Magic      | 1 2 3 4 |  4.4
Air Magic      | 1 2 3 4 |  4.4
Earth Magic    | 1 2 3 4 |  4.4
Poison Magic   | 1 2 3 4 |  4.4
Axes           | 5 6 7 |  7.1
Fighting       | 7 8 |  8.5
Armour         | 7 8 |  8.5
Shields        | 7 8 |  8.5

Action                   |  1- 3 |  4- 6 |  7- 9 | 10-12 || total
-------------------------+-------+-------+-------+-------++-------
Melee: War axe           |    90 |    91 |       |       ||   181
       Bite              |     9 |     7 |       |       ||    16
 Fire: Arbalest          |       |    39 |   209 |    52 ||   300
Invok: Heroism           |       |       |       |     1 ||     1
Evoke: Wand              |       |       |     1 |       ||     1
Armor: Scale mail        |    17 |       |       |       ||    17
       Plate armour      |    46 |    79 |   165 |    62 ||   352
Dodge: Dodged            |    26 |    20 |    59 |    27 ||   132
Block: Buckler           |    35 |    25 |       |       ||    60

Levels and vault maps discovered:
D:1:      evilmike_arrival_fibonacci_small, layout_basic
D:2:      layout_rooms, ebering_ecumenical_altar_box, grunt_ministairs_1,
          minivault_26
D:3:      minmay_spotlight, layout_basic, minmay_quantized
D:4:      layout_rooms, serial_rivers, chequers_serial_rivers_large_a,
          chequers_serial_rivers_small_a, chequers_serial_rivers_large_b,
          chequers_serial_rivers_micro_c, chequers_serial_rivers_room_a,
          chequers_serial_rivers_small_3
D:5:      layout_basic, nicolae_wormholes
D:6:      layout_basic, serial_shops, nicolae_shop_stone
D:7:      layout_cave_pools, temple_pool_b, minivault_19, uniq_duvessa
D:8:      layout_rooms, serial_shops, shop_fountains, uniq_joseph
D:9:      layout_loops_ring, serial_shops, shop, enter_bailey_5
Temple:   mainiacjoe_temple_trianglar_array

Notes
Turn   | Place    | Note
-------+----------+-------------------------------------------
     0 | D:1      | mcwallace the Gnoll Fighter began the quest for the Orb.
     0 | D:1      | Reached XP level 1. HP: 23/23 MP: 1/1
     0 | D:1      | magus.rc [v1.9.6]
   105 | D:1      | Reached XP level 2. HP: 29/29 MP: 2/2
   440 | D:1      | Reached XP level 3. HP: 35/35 MP: 3/3
   732 | D:2      | Reached skill level 1 in Invocations
   896 | D:2      | Reached skill level 1 in Short Blades
   896 | D:2      | Reached skill level 1 in Long Blades
   896 | D:2      | Reached skill level 1 in Maces & Flails
   896 | D:2      | Reached skill level 1 in Polearms
   896 | D:2      | Reached skill level 1 in Staves
   896 | D:2      | Reached skill level 1 in Slings
   896 | D:2      | Reached skill level 1 in Bows
   896 | D:2      | Reached skill level 1 in Crossbows
   896 | D:2      | Reached skill level 1 in Throwing
   896 | D:2      | Reached skill level 1 in Dodging
   896 | D:2      | Reached skill level 1 in Stealth
   896 | D:2      | Reached skill level 1 in Unarmed Combat
   896 | D:2      | Reached skill level 1 in Spellcasting
   896 | D:2      | Reached skill level 1 in Evocations
   922 | D:2      | Reached XP level 4. HP: 39/41 MP: 5/5
  1168 | D:2      | Found a faded altar of an unknown god.
  1418 | D:3      | Reached skill level 1 in Conjurations
  1418 | D:3      | Reached skill level 1 in Hexes
  1418 | D:3      | Reached skill level 1 in Summonings
  1418 | D:3      | Reached skill level 1 in Necromancy
  1418 | D:3      | Reached skill level 1 in Translocations
  1418 | D:3      | Reached skill level 1 in Transmutations
  1418 | D:3      | Reached skill level 1 in Fire Magic
  1418 | D:3      | Reached skill level 1 in Ice Magic
  1418 | D:3      | Reached skill level 1 in Air Magic
  1418 | D:3      | Reached skill level 1 in Earth Magic
  1418 | D:3      | Reached skill level 1 in Poison Magic
  1682 | D:3      | Reached XP level 5. HP: 47/47 MP: 6/6
  1727 | D:3      | You pick up a book of Conjurations {@e2} and begin
                  | reading...
  1727 | D:3      | You add the spells Magic Dart, Searing Ray and Fulminant
                  | Prism to your library.
  1796 | D:3      | Noticed a water moccasin
  1814 | D:3      | Killed a water moccasin
  1815 | D:3      | Reached skill level 2 in Invocations
  1815 | D:3      | Reached XP level 6. HP: 41/53 MP: 8/8
  2073 | D:3      | Identified the +7 arbalest "Lifebane" {penet, rC+ Dex-3
                  | Stlth+}
  2331 | D:4      | Reached skill level 5 in Axes
  2337 | D:4      | Reached skill level 2 in Short Blades
  2337 | D:4      | Reached skill level 2 in Long Blades
  2337 | D:4      | Reached skill level 2 in Maces & Flails
  2337 | D:4      | Reached skill level 2 in Polearms
  2337 | D:4      | Reached skill level 2 in Staves
  2337 | D:4      | Reached skill level 2 in Slings
  2337 | D:4      | Reached skill level 2 in Bows
  2337 | D:4      | Reached skill level 2 in Crossbows
  2337 | D:4      | Reached skill level 2 in Throwing
  2337 | D:4      | Reached skill level 2 in Dodging
  2337 | D:4      | Reached skill level 2 in Stealth
  2337 | D:4      | Reached skill level 2 in Unarmed Combat
  2337 | D:4      | Reached skill level 2 in Spellcasting
  2337 | D:4      | Reached skill level 2 in Evocations
  2967 | D:5      | Entered Level 5 of the Dungeon
  3021 | D:5      | Reached XP level 7. HP: 59/59 MP: 10/10
  3039 | D:5      | Reached skill level 7 in Fighting
  3039 | D:5      | Reached skill level 7 in Armour
  3039 | D:5      | Reached skill level 7 in Shields
  3112 | D:5      | Reached skill level 2 in Conjurations
  3112 | D:5      | Reached skill level 2 in Hexes
  3112 | D:5      | Reached skill level 2 in Summonings
  3112 | D:5      | Reached skill level 2 in Necromancy
  3112 | D:5      | Reached skill level 2 in Translocations
  3112 | D:5      | Reached skill level 2 in Transmutations
  3112 | D:5      | Reached skill level 2 in Fire Magic
  3112 | D:5      | Reached skill level 2 in Ice Magic
  3112 | D:5      | Reached skill level 2 in Air Magic
  3112 | D:5      | Reached skill level 2 in Earth Magic
  3112 | D:5      | Reached skill level 2 in Poison Magic
  3380 | D:5      | Reached skill level 3 in Invocations
  3918 | D:5      | Reached skill level 3 in Short Blades
  3918 | D:5      | Reached skill level 3 in Long Blades
  3918 | D:5      | Reached skill level 3 in Maces & Flails
  3918 | D:5      | Reached skill level 3 in Polearms
  3918 | D:5      | Reached skill level 3 in Staves
  3918 | D:5      | Reached skill level 3 in Slings
  3918 | D:5      | Reached skill level 3 in Bows
  3918 | D:5      | Reached skill level 3 in Crossbows
  3918 | D:5      | Reached skill level 3 in Throwing
  3918 | D:5      | Reached skill level 3 in Dodging
  3918 | D:5      | Reached skill level 3 in Stealth
  3918 | D:5      | Reached skill level 3 in Unarmed Combat
  3918 | D:5      | Reached skill level 3 in Spellcasting
  3918 | D:5      | Reached skill level 3 in Evocations
  3918 | D:5      | Reached XP level 8. HP: 56/67 MP: 12/12
  4185 | D:6      | HP: 14/67 [centaur (5)]
  4521 | D:6      | Found Qaor's Armour Shop.
  5065 | D:6      | Reached skill level 4 in Invocations
  5272 | D:7      | Reached skill level 3 in Conjurations
  5272 | D:7      | Reached skill level 3 in Hexes
  5272 | D:7      | Reached skill level 3 in Summonings
  5272 | D:7      | Reached skill level 3 in Necromancy
  5272 | D:7      | Reached skill level 3 in Translocations
  5272 | D:7      | Reached skill level 3 in Transmutations
  5272 | D:7      | Reached skill level 3 in Fire Magic
  5272 | D:7      | Reached skill level 3 in Ice Magic
  5272 | D:7      | Reached skill level 3 in Air Magic
  5272 | D:7      | Reached skill level 3 in Earth Magic
  5272 | D:7      | Reached skill level 3 in Poison Magic
  5342 | D:7      | Found a staircase to the Ecumenical Temple.
  5365 | D:7      | Reached skill level 6 in Axes
  5365 | D:7      | Reached XP level 9. HP: 72/72 MP: 14/14
  5373 | D:7      | Identified the +8 falchion "Qulifap" {holy, rC- Str+7}
  5572 | Temple   | Entered the Ecumenical Temple
  5979 | Temple   | Became a worshipper of Warmaster Okawaru
  6014 | D:7      | Noticed Dowan
  6015 | D:7      | Noticed Duvessa
  6026 | D:7      | Killed Dowan
  6027 | D:7      | Killed Duvessa
  6028 | D:7      | Reached skill level 4 in Short Blades
  6028 | D:7      | Reached skill level 4 in Long Blades
  6028 | D:7      | Reached skill level 4 in Maces & Flails
  6028 | D:7      | Reached skill level 4 in Polearms
  6028 | D:7      | Reached skill level 4 in Staves
  6028 | D:7      | Reached skill level 4 in Slings
  6028 | D:7      | Reached skill level 4 in Bows
  6028 | D:7      | Reached skill level 4 in Crossbows
  6028 | D:7      | Reached skill level 4 in Throwing
  6028 | D:7      | Reached skill level 4 in Dodging
  6028 | D:7      | Reached skill level 4 in Stealth
  6028 | D:7      | Reached skill level 4 in Unarmed Combat
  6028 | D:7      | Reached skill level 4 in Spellcasting
  6028 | D:7      | Reached skill level 4 in Evocations
  6320 | D:7      | Noticed a troll
  6326 | D:7      | Killed a troll
  6326 | D:7      | Reached * piety under Okawaru
  6884 | D:8      | Reached skill level 8 in Fighting
  6884 | D:8      | Reached skill level 8 in Armour
  6884 | D:8      | Reached skill level 8 in Shields
  6996 | D:8      | Reached skill level 5 in Invocations
  7088 | D:8      | Found Haenuaw's General Store.
  7130 | D:8      | Noticed Joseph
  7137 | D:8      | Killed Joseph
  7386 | D:8      | Reached ** piety under Okawaru
  7387 | D:8      | Reached skill level 4 in Conjurations
  7387 | D:8      | Reached skill level 4 in Hexes
  7387 | D:8      | Reached skill level 4 in Summonings
  7387 | D:8      | Reached skill level 4 in Necromancy
  7387 | D:8      | Reached skill level 4 in Translocations
  7387 | D:8      | Reached skill level 4 in Transmutations
  7387 | D:8      | Reached skill level 4 in Fire Magic
  7387 | D:8      | Reached skill level 4 in Ice Magic
  7387 | D:8      | Reached skill level 4 in Air Magic
  7387 | D:8      | Reached skill level 4 in Earth Magic
  7387 | D:8      | Reached skill level 4 in Poison Magic
  7387 | D:8      | Reached XP level 10. HP: 61/80 MP: 17/17
  7686 | D:8      | Reached skill level 5 in Short Blades
  7686 | D:8      | Reached skill level 5 in Long Blades
  7686 | D:8      | Reached skill level 5 in Maces & Flails
  7686 | D:8      | Reached skill level 5 in Polearms
  7686 | D:8      | Reached skill level 5 in Staves
  7686 | D:8      | Reached skill level 5 in Slings
  7686 | D:8      | Reached skill level 5 in Bows
  7686 | D:8      | Reached skill level 5 in Crossbows
  7686 | D:8      | Reached skill level 5 in Throwing
  7686 | D:8      | Reached skill level 5 in Dodging
  7686 | D:8      | Reached skill level 5 in Stealth
  7686 | D:8      | Reached skill level 5 in Unarmed Combat
  7686 | D:8      | Reached skill level 5 in Spellcasting
  7686 | D:8      | Reached skill level 5 in Evocations
  8247 | D:9      | You pick up a book of Misfortune and begin reading...
  8247 | D:9      | You add the spells Confusing Touch, Yara's Violent
                  | Unravelling and Enfeeble to your library.
  8274 | D:9      | Noticed a green ugly thing
  8287 | D:9      | Reached skill level 7 in Axes
  8288 | D:9      | Killed a green ugly thing
  8301 | D:9      | Noticed a two-headed ogre
  8433 | D:9      | HP: 19/82 [two-headed ogre (13)]
  8434 | D:9      | HP: 3/82 [two-headed ogre (17)]
  8434 | D:9      | Demolished by a two-headed ogre

Vanquished Creatures
  An ugly thing (D:9)
  Joseph (D:8)
  A troll (D:7)
  3 yaks (D:9)
  Duvessa (D:7)
  2 water moccasins
  2 orc warriors
  An ice beast (D:6)
  2 black bears
  A necrophage (D:8)
  5 centaurs
  3 bullfrogs
  2 scorpions
  A wyvern zombie (D:7)
  Dowan (D:7)
  2 wyvern skeletons
  8 killer bees (D:8)
  13 wights
  A centaur zombie (D:8)
  3 hounds
  A jelly (D:7)
  2 orc priests
  A centaur skeleton (D:6)
  5 iguanas
  10 orc wizards
  7 adders
  A shadow imp (D:6)
  2 white imps
  An ufetubus (D:3)
  An adder skeleton (D:4)
  10 worms
  2 dart slugs
  26 orcs
  7 ball pythons
  8 endoplasms
  4 giant cockroaches
  10 hobgoblins
  3 jackals (D:1)
  3 kobolds
  7 quokkas
  8 bats
  3 frilled lizards (D:3)
  11 goblins
  2 rats (D:1)
189 creatures vanquished.

Table legend:
 A = Non-vault XP
 B = Vault XP
 C = Vault XP percentage of total XP
 D = Non-vault monster count
 E = Vault monster count
 F = Vault count percentage of total count
                 A         B        C        D         E       F
            +---------+---------+-------+---------+---------+-------
      Total |    6167 |     759 |  11.0 |     169 |      20 |  10.6
            +---------+---------+-------+---------+---------+-------
        D:1 |      47 |       0 |   0.0 |      26 |       0 |   0.0
        D:2 |      45 |      16 |  26.2 |      11 |       2 |  15.4
        D:3 |     198 |      27 |  12.0 |      24 |       8 |  25.0
        D:4 |     145 |       0 |   0.0 |      13 |       0 |   0.0
        D:5 |     810 |      31 |   3.7 |      24 |       6 |  20.0
        D:6 |     803 |       5 |   0.6 |      14 |       1 |   6.7
        D:7 |    1231 |     214 |  14.8 |      21 |       2 |   8.7
        D:8 |    1558 |     466 |  23.0 |      29 |       1 |   3.3
        D:9 |    1330 |       0 |   0.0 |       7 |       0 |   0.0
            +---------+---------+-------+---------+---------+-------

Illustrated notes

Table legend:
 A = Kills in this place as a percentage of kills in entire the game.
 B = Kills by you in this place as a percentage of kills by you in the entire game.
 C = Kills by friends in this place as a percentage of kills by friends in the entire game.
 D = Other kills in this place as a percentage of other kills in the entire game.
 E = Experience gained in this place as a percentage of experience gained in the entire game.
 F = Experience gained in this place divided by the number of levels of this place that you have seen.
                   A       B       C       D       E      F
               +-------+-------+-------+-------+-------+----------------------
         Total | 100.0 | 100.0 |   N/A |   N/A | 100.0 | 692.6
       Dungeon | 100.0 | 100.0 |   N/A |   N/A | 100.0 | 769.6
               +-------+-------+-------+-------+-------+----------------------

Table legend: (Time is in decaauts)
 A = Elapsed time spent in this place.
 B = Non-inter-level travel time spent in this place.
 C = Inter-level travel time spent in this place.
 D = Time resting spent in this place.
 E = Time spent auto-exploring this place.
 F = Levels seen in this place.
 G = Mean time per level.
                   A        B        C        D        E       F      G
               +--------+--------+--------+--------+--------+-----+--------+
         Total |   8769 |   8336 |    433 |    298 |   6731 |  10 |  876.9 |
       Dungeon |   8336 |   7964 |    372 |    298 |   6365 |   9 |  926.2 |
        Temple |    432 |    371 |     61 |      0 |    366 |   1 |  432.0 |
               +--------+--------+--------+--------+--------+-----+--------+

Top non-repeatable levels by time:
     D:8: 1511 daAuts
     D:5: 1398 daAuts
     D:7: 1237 daAuts
     D:6: 985 daAuts
     D:4: 885 daAuts
     D:3: 864 daAuts
     D:1: 742 daAuts
     D:2: 612 daAuts
  Temple: 432 daAuts
     D:9: 97 daAuts
